HSSL
MOUNTAIN POINTE HS @ MASCONOMET HS CHIEFTANS
04/30/2024
 
TOP OF THE 1ST
Mountain Pointe HS batting - Pitching for Masconomet HS Chieftans : LHP Clarence Gill
Pitching: LHP Clarence Gill
Batting: RHB Scott Dixon 0-0: Ball
1-0: DOUBLE (Line Drive, 7LM)
Batting: RHB Jon Newsome 0-0: Ball
1-0: Swinging Strike
1-1: Swinging Strike
1-2: Ball
2-2: Strikes out swinging
Batting: RHB Jamie Swyers 0-0: Ball
1-0: DOUBLE (Line Drive, 7LS)
Scott Dixon scores
Batting: RHB Monty Crawford 0-0: Ball
1-0: Ball
2-0: Ball
3-0: Called Strike
3-1: Called Strike
3-2: Foul Ball, location: 2F
3-2: Strikes out swinging
Batting: RHB Ben Wilson 0-0: Called Strike
0-1: Ball
1-1: DOUBLE (Groundball, 5L)
Jamie Swyers scores
Batting: LHB Brian Turner 0-0: Fly out, F6 (Line Drive, 6)
Top of the 1st over - 2 run(s), 3 hit(s), 0 error(s), 1 left on base; Mountain Pointe HS 2 - Masconomet HS 0
BOTTOM OF THE 1ST
Masconomet HS Chieftans batting - Pitching for Mountain Pointe HS : LHP Cedric Duncan
Pitching: LHP Cedric Duncan
Batting: RHB Tyler Robinson 0-0: Ball
1-0: Ball
2-0: Called Strike
2-1: Called Strike
2-2: Strikes out swinging
Batting: LHB Trent Andrews 0-0: Ball
1-0: Ball
2-0: Ball
3-0: Base on Balls
Batting: RHB Clancy Castro 0-0: Fly out, F8 (Flyball, 78D)
Batting: RHB Carlos Huerta 0-0: Ball
1-0: Called Strike
1-1: Swinging Strike
1-2: Foul Ball, location: 2F
1-2: Strikes out looking
Bottom of the 1st over - 0 run(s), 0 hit(s), 0 error(s), 1 left on base; Mountain Pointe HS 2 - Masconomet HS 0
TOP OF THE 2ND
Mountain Pointe HS batting - Pitching for Masconomet HS Chieftans : LHP Clarence Gill
Batting: RHB Troy Legge 0-0: Foul Ball, location: 2F
0-1: Swinging Strike
0-2: Ball
1-2: Strikes out swinging
Batting: RHB Marshall Gross 0-0: Called Strike
0-1: Ground out 6-3 (Groundball, 6)
Batting: RHB Ted Williamson 0-0: Foul Ball, location: 2F
0-1: Ball
1-1: Ball
2-1: Ball
3-1: Called Strike
3-2: Foul Ball, location: 2F
3-2: Strikes out swinging
Top of the 2nd over - 0 run(s), 0 hit(s), 0 error(s), 0 left on base; Mountain Pointe HS 2 - Masconomet HS 0
BOTTOM OF THE 2ND
Masconomet HS Chieftans batting - Pitching for Mountain Pointe HS : LHP Cedric Duncan
Batting: LHB Aaron Atkins 0-0: Called Strike
0-1: Ball
1-1: Foul Ball, location: 2F
1-2: SINGLE (Groundball, 4MD)
Batting: LHB Carlos Lacarra 0-0: Called Strike
0-1: Swinging Strike
0-2: Ball
1-2: Fly out, F9 (Flyball, 9S)
Batting: RHB Ryan Beck 0-0: Ground out U3 (Groundball, 3S)
Aaron Atkins to second
Batting: RHB António Rojas 0-0: Called Strike
0-1: Foul Ball, location: 2F
0-2: Strikes out swinging
Bottom of the 2nd over - 0 run(s), 1 hit(s), 0 error(s), 1 left on base; Mountain Pointe HS 2 - Masconomet HS 0
TOP OF THE 3RD
Mountain Pointe HS batting - Pitching for Masconomet HS Chieftans : LHP Clarence Gill
Batting: RHB Scott Dixon 0-0: Ball
1-0: Ball
2-0: Called Strike
2-1: Ball
3-1: Base on Balls
Batting: RHB Jon Newsome 0-0: Ball
1-0: Ball
2-0: Ball
3-0: Base on Balls
Scott Dixon to second
Batting: RHB Jamie Swyers 0-0: SINGLE (Flyball, 4D)
Scott Dixon to third
Jon Newsome to second
Batting: RHB Monty Crawford 0-0: Called Strike
0-1: Ball
1-1: Ball
2-1: Called Strike
2-2: Foul Ball, location: 2F
2-2: SINGLE (Groundball, 34D)
Scott Dixon scores
Jon Newsome to third
Jamie Swyers to second
Batting: RHB Ben Wilson 0-0: Called Strike
0-1: Ball
1-1: Ball
2-1: Swinging Strike
2-2: Ball
3-2: Strikes out swinging
Batting: LHB Brian Turner 0-0: Swinging Strike
0-1: Ball
1-1: Swinging Strike
1-2: Fly out, F8 (Flyball, 78M)
Batting: RHB Troy Legge 0-0: Ball
1-0: Ball
2-0: Foul Ball, location: 2F
2-1: Called Strike
2-2: Strikes out swinging
Top of the 3rd over - 1 run(s), 2 hit(s), 0 error(s), 3 left on base; Mountain Pointe HS 3 - Masconomet HS 0
BOTTOM OF THE 3RD
Masconomet HS Chieftans batting - Pitching for Mountain Pointe HS : LHP Cedric Duncan
Batting: RHB Brian Jackson 0-0: Called Strike
0-1: Ball
1-1: Called Strike
1-2: Ball
2-2: Ball
3-2: Base on Balls
Batting: RHB Tyler Robinson 0-0: Ball
1-0: Grounds into double play, 5-4-3 (Groundball, 56)
Batting: LHB Trent Andrews 0-0: Ball
1-0: Ball
2-0: Fly out, F8 (Flyball, 8LM)
Bottom of the 3rd over - 0 run(s), 0 hit(s), 0 error(s), 0 left on base; Mountain Pointe HS 3 - Masconomet HS 0
TOP OF THE 4TH
Mountain Pointe HS batting - Pitching for Masconomet HS Chieftans : LHP Clarence Gill
Batting: RHB Marshall Gross 0-0: Called Strike
0-1: Ball
1-1: Foul Ball, location: 2F
1-2: Strikes out swinging
Batting: RHB Ted Williamson 0-0: Foul Ball, location: 2F
0-1: Fly out, F7 (Flyball, 78M)
Batting: RHB Scott Dixon 0-0: Foul Ball, location: 2F
0-1: Swinging Strike
0-2: Strikes out looking
Top of the 4th over - 0 run(s), 0 hit(s), 0 error(s), 0 left on base; Mountain Pointe HS 3 - Masconomet HS 0
BOTTOM OF THE 4TH
Masconomet HS Chieftans batting - Pitching for Mountain Pointe HS : LHP Cedric Duncan
Batting: RHB Clancy Castro 0-0: Swinging Strike
0-1: Ball
1-1: Called Strike
1-2: Strikes out swinging
Batting: RHB Carlos Huerta 0-0: Ball
1-0: Called Strike
1-1: Swinging Strike
1-2: DOUBLE (Flyball, 8RXD)
Batting: LHB Aaron Atkins 0-0: Called Strike
0-1: Ground out 3-1 (Groundball, 34)
Carlos Huerta to third
Batting: LHB Carlos Lacarra 0-0: Foul Ball, location: 2F
0-1: Foul Ball, location: 2F
0-2: Ball
1-2: Strikes out swinging
Bottom of the 4th over - 0 run(s), 1 hit(s), 0 error(s), 1 left on base; Mountain Pointe HS 3 - Masconomet HS 0
TOP OF THE 5TH
Mountain Pointe HS batting - Pitching for Masconomet HS Chieftans : LHP Clarence Gill
Batting: RHB Jon Newsome 0-0: Ball
1-0: Ball
2-0: Called Strike
2-1: Foul Ball, location: 2F
2-2: Strikes out swinging
Batting: RHB Jamie Swyers 0-0: Ground out 6-3 (Groundball, 6M)
Batting: RHB Monty Crawford 0-0: Ball
1-0: Called Strike
1-1: Fly out, F9 (Flyball, 89M)
Top of the 5th over - 0 run(s), 0 hit(s), 0 error(s), 0 left on base; Mountain Pointe HS 3 - Masconomet HS 0
BOTTOM OF THE 5TH
Masconomet HS Chieftans batting - Pitching for Mountain Pointe HS : LHP Cedric Duncan
Batting: RHB Ryan Beck 0-0: Swinging Strike
0-1: Ball
1-1: Fly out, F9 (Flyball, 89M)
Batting: RHB António Rojas 0-0: Ground out 4-3 (Groundball, 4)
Batting: RHB Brian Jackson 0-0: Swinging Strike
0-1: Ball
1-1: Swinging Strike
1-2: Strikes out swinging
Bottom of the 5th over - 0 run(s), 0 hit(s), 0 error(s), 0 left on base; Mountain Pointe HS 3 - Masconomet HS 0
TOP OF THE 6TH
Mountain Pointe HS batting - Pitching for Masconomet HS Chieftans : LHP Clarence Gill
Pitching: LHP Paco Oliva
Batting: RHB Ben Wilson 0-0: Fly out, F6 (Popup, 6MD)
Batting: LHB Brian Turner 0-0: Ball
1-0: Ball
2-0: SINGLE (Groundball, 6M)
Batting: RHB Troy Legge 0-0: Fly out, F7 (Flyball, 78M)
Batting: RHB Marshall Gross 0-0: Ball
1-0: DOUBLE (Line Drive, 7LM)
Brian Turner to third
Runner from 3rd tries for Home, SAFE, no throw or cutoff
Batting: RHB Ted Williamson 0-0: Called Strike
0-1: Foul Ball, location: 2F
0-2: Ground out 6-3 (Groundball, 6M)
Top of the 6th over - 1 run(s), 2 hit(s), 0 error(s), 1 left on base; Mountain Pointe HS 4 - Masconomet HS 0
BOTTOM OF THE 6TH
Masconomet HS Chieftans batting - Pitching for Mountain Pointe HS : LHP Cedric Duncan
Batting: RHB Tyler Robinson 0-0: Swinging Strike
0-1: Ball
1-1: Ground out 6-3 (Groundball, 6M)
Batting: LHB Trent Andrews 0-0: Foul Ball, location: 2F
0-1: Ball
1-1: Ball
2-1: Ground out 4-3 (Groundball, 4)
Batting: RHB Clancy Castro 0-0: Ball
1-0: Ball
2-0: Foul Ball, location: 2F
2-1: SINGLE (Line Drive, 89M)
Batting: RHB Carlos Huerta 0-0: Swinging Strike
0-1: SINGLE (Groundball, 13) (infield hit)
Clancy Castro to second
Batting: LHB Aaron Atkins 0-0: Ground out 6-3 (Groundball, 6)
Bottom of the 6th over - 0 run(s), 2 hit(s), 0 error(s), 2 left on base; Mountain Pointe HS 4 - Masconomet HS 0
TOP OF THE 7TH
Mountain Pointe HS batting - Pitching for Masconomet HS Chieftans : LHP Paco Oliva
Batting: RHB Scott Dixon 0-0: Called Strike
0-1: Hit by Pitch
Batting: RHB Jon Newsome 0-0: Swinging Strike
0-1: Fly out, F7 (Line Drive, 7M)
Batting: RHB Jamie Swyers 0-0: Called Strike
0-1: Foul Ball, location: 2F
0-2: Ball
1-2: Ball
2-2: Ball
3-2: Base on Balls
Scott Dixon to second
Batting: RHB Monty Crawford 0-0: Ball
1-0: Ball
2-0: Called Strike
2-1: Ball
3-1: SINGLE (Flyball, 9M)
Scott Dixon to third
Jamie Swyers to second
Batting: RHB Ben Wilson 0-0: Ball
1-0: Fly out, F3 (Popup, 3SF)
Batting: LHB Brian Turner 0-0: Ball
1-0: Called Strike
1-1: Ball
2-1: SINGLE (Line Drive, 6D)
Scott Dixon scores
Jamie Swyers to third
Monty Crawford to second
Batting: RHB Troy Legge 0-0: Swinging Strike
0-1: Ball
1-1: Foul Ball, location: 2F
1-2: Ball
2-2: Strikes out swinging
Top of the 7th over - 1 run(s), 2 hit(s), 0 error(s), 3 left on base; Mountain Pointe HS 5 - Masconomet HS 0
BOTTOM OF THE 7TH
Masconomet HS Chieftans batting - Pitching for Mountain Pointe HS : LHP Cedric Duncan
Batting: LHB Carlos Lacarra 0-0: Ball
1-0: Called Strike
1-1: Called Strike
1-2: Foul Ball, location: 2F
1-2: Strikes out swinging
Batting: RHB Ryan Beck 0-0: Foul Ball, location: 2F
0-1: Foul Ball, location: 2F
0-2: Ball
1-2: Ball
2-2: Strikes out swinging
Batting: RHB António Rojas 0-0: Ball
1-0: Ground out 4-3 (Groundball, 4)
Bottom of the 7th over - 0 run(s), 0 hit(s), 0 error(s), 0 left on base; Mountain Pointe HS 5 - Masconomet HS 0
TOP OF THE 8TH
Mountain Pointe HS batting - Pitching for Masconomet HS Chieftans : LHP Paco Oliva
Pitching: RHP Ralph Johnson
Batting: RHB Marshall Gross 0-0: Foul Ball, location: 2F
0-1: Ball
1-1: Ball
2-1: Ball
3-1: SOLO HOME RUN (Line Drive, 7LD), Distance : 376 ft
Batting: RHB Ted Williamson 0-0: Called Strike
0-1: Ball
1-1: Swinging Strike
1-2: Ball
2-2: Ball
3-2: Strikes out swinging
Batting: RHB Scott Dixon 0-0: Ball
1-0: Hit by Pitch
Batting: RHB Jon Newsome 0-0: Called Strike
0-1: Ball
Wild Pitch!
Scott Dixon to second
1-1: Swinging Strike
1-2: Ball
2-2: Ball
3-2: Foul Ball, location: 2F
3-2: Foul Ball, location: 2F
3-2: Fly out, F7 (Flyball, 78M)
Batting: RHB Jamie Swyers 0-0: Called Strike
0-1: Ball
1-1: Swinging Strike
1-2: Fly out, F8 (Flyball, 8RS)
Top of the 8th over - 1 run(s), 1 hit(s), 0 error(s), 1 left on base; Mountain Pointe HS 6 - Masconomet HS 0
BOTTOM OF THE 8TH
Masconomet HS Chieftans batting - Pitching for Mountain Pointe HS : LHP Cedric Duncan
Pitching: RHP Curt Cremen
Batting: RHB Brian Jackson 0-0: Ball
1-0: Ball
2-0: Ground out 6-3 (Groundball, 56)
Batting: RHB Tyler Robinson 0-0: Ball
1-0: SINGLE (Line Drive, 78S)
Batting: LHB Trent Andrews 0-0: Foul Ball, location: 2F
0-1: Ball
1-1: Fly out, F6 (Popup, 6M)
Batting: RHB Clancy Castro 0-0: Fly out, F8 (Flyball, 8RD)
Bottom of the 8th over - 0 run(s), 1 hit(s), 0 error(s), 1 left on base; Mountain Pointe HS 6 - Masconomet HS 0
TOP OF THE 9TH
Mountain Pointe HS batting - Pitching for Masconomet HS Chieftans : RHP Ralph Johnson
Batting: RHB Monty Crawford 0-0: Called Strike
0-1: Swinging Strike
0-2: Foul Ball, location: 2F
0-2: Strikes out swinging
Batting: RHB Ben Wilson 0-0: Ball
1-0: SINGLE (Groundball, 4MD) (infield hit)
Batting: LHB Brian Turner 0-0: Ball
1-0: Ball
2-0: Ball
3-0: Called Strike
3-1: Foul Ball, location: 2F
3-2: SINGLE (Line Drive, 4)
Ben Wilson to second
Batting: RHB Troy Legge 0-0: Called Strike
Ben Wilson steals 3rd base
Brian Turner to second
0-1: Fly out, F9 (Popup, 34D)
Batting: RHB Marshall Gross 0-0: Called Strike
0-1: Ball
1-1: Swinging Strike
1-2: Ball
2-2: Ball
3-2: Strikes out swinging
Top of the 9th over - 0 run(s), 2 hit(s), 0 error(s), 2 left on base; Mountain Pointe HS 6 - Masconomet HS 0
BOTTOM OF THE 9TH
Masconomet HS Chieftans batting - Pitching for Mountain Pointe HS : RHP Curt Cremen
Batting: RHB Carlos Huerta 0-0: Foul Ball, location: 2F
0-1: Ball
1-1: Ball
2-1: Ball
3-1: Swinging Strike
3-2: Strikes out swinging
Batting: LHB Aaron Atkins 0-0: Called Strike
0-1: Fly out, F6 (Popup, 6D)
Batting: LHB Carlos Lacarra 0-0: Called Strike
0-1: Ball
1-1: Foul Ball, location: 2F
1-2: Strikes out swinging
Bottom of the 9th over - 0 run(s), 0 hit(s), 0 error(s), 0 left on base; Mountain Pointe HS 6 - Masconomet HS 0
This league is powered by Out of the Park Baseball, the baseball management simulation game for PC, Mac and Linux
Saturday, April 9th, 2016 - OOTP Baseball 16.8 Build 38